 Dungeon Crawl Stone Soup version 0.31-a0-640-g39d97e502b (webtiles) character file.

Game seed: 7366812772172511193

200 qw the Shooter (level 5, 0/32 HPs)
             Began as a Gargoyle Hunter on Aug 27, 2023.
             Slain by a black bear (1 damage)
             ... on level 4 of the Dungeon.
             The game lasted 00:00:55 (2177 turns).

qw the Shooter (Gargoyle Hunter)                    Turns: 2177, Time: 00:00:55

Health: 0/32       AC: 10    Str: 15    XL:     5   Next: 79%
Magic:  5/5        EV: 11    Int:  9    God:
Gold:   186        SH:  0    Dex: 15    Spells: 4/4 levels left

rFire   + . .        Y - +1 shortbow
rCold   + + .        (shield currently unavailable)
rNeg    + . .        h - +0 ring mail
rPois   inf          a - +0 helmet
rElec   +            j - scarf {rC+ rF+}
rCorr   .            (no gloves)
SInv    .            (no boots)
Will    .....        (no amulet)
Stlth   +            g - ring of protection from cold
HPRegen 0.25/turn    (no ring)
MPRegen 0.09/turn

%: no passive effects
@: no status effects
A: sickness immunity, AC +4, negative energy resistance 1, electricity
resistance, torment resistance 1, petrification resistance
a: no special abilities


You were on level 4 of the Dungeon.
You visited 1 branch of the dungeon, and saw 4 of its levels.

You collected 186 gold pieces.


Innate Abilities, Weirdness & Mutations

You are immune to sickness and miasma.
Your stone body is resilient. (AC +4)
You are immune to poison.
You resist negative energy. (rN+)
You are resistant to electric shocks. (rElec)
You are resistant to unholy torment.
You are immune to petrification.


   Skills:
 + Level 3.1 Fighting
 - Level 6.3 Ranged Weapons
 - Level 1.1 Armour
 - Level 1.5 Dodging
 - Level 1.1 Stealth


You had 4 spell levels left.
You didn't know any spells.
Your spell library was empty.

Inventory:

Hand Weapons
 Y - a +1 shortbow (weapon)
Armour
 a - a +0 helmet (worn)
 h - a +0 ring mail (worn)
 j - a scarf of resistance (worn)
Jewellery
 g - a ring of protection from cold (left hand)
Scrolls
 b - a scroll of amnesia {unknown}
 f - a scroll of identify
Potions
 c - a potion of haste {unknown}
 d - 2 potions of invisibility {unknown}
 e - a potion of lignification {unknown}
 i - a potion of enlightenment {unknown}

Dungeon Overview and Level Annotations

Branches:
Dungeon (4/15)
 Temple: D:4-7

Altars:
Dithmenos
Kikubaaqudgha

Annotations:
D:4 Grinder


Message History

Enter note:
2170 ||| Stepping ~*~*~tactically~*~*~ (retreating).
Grinder blinks!
You shoot an arrow.
The arrow hits the black bear but does no damage.
The black bear is lightly wounded.
The black bear bites you.
The black bear claws you but does no damage. x2
The black bear completely misses you.
The black bear claws you but does no damage. x2
Enter note:
Enter note:
Enter note:
Enter note:
2172 ||| Stepping ~*~*~tactically~*~*~ (retreating).
Grinder gestures at you.
You suddenly lose the ability to move!
Grinder blinks!
The black bear completely misses you. The black bear claws you.
The black bear claws you but does no damage.
The black bear bites you but does no damage.
The black bear claws you but does no damage. x2
The black bear bites you.
The black bear claws you but does no damage.
The black bear completely misses you.
You can move again.
You shoot an arrow. The arrow hits the black bear.
The black bear is moderately wounded.
The black bear bites you but does no damage.
The black bear claws you but does no damage.
The black bear closely misses you.
Enter note:
Enter note:
Enter note:
Enter note:
2177 ||| Stepping ~*~*~tactically~*~*~ (retreating).
The black bear attacks as it pursues you!
The black bear bites you.
The black bear claws you but does no damage.
The black bear claws you.
You die...

..... .... . ......######+#
#...^. . .......#....#.#
#.....#### .............#.#
#.....#... #.............#.#
#.........
#.............#.###.........
#...........................
#..................#........
#.........h@..............).
#...........................
#...........................
#..................#........
###....###.........#........
#....# #..................
#....###..................
#...........5.......#.....
###.................#.....


You could see Grinder and a black bear.

Vanquished Creatures
  A water moccasin (D:4)
  3 adders
  2 dart slugs (D:1)
  2 orcs (D:4)
  3 endoplasms
  6 giant cockroaches
  7 goblins
  7 hobgoblins
  9 kobolds
  2 quokkas (D:3)
  10 ball pythons
  6 frilled lizards
  5 rats
63 creatures vanquished.

Notes
Turn   | Place    | Note
-------+----------+-------------------------------------------
     0 | D:1      | qw the Gargoyle Hunter began the quest for the Orb.
     0 | D:1      | Reached XP level 1. HP: 12/12 MP: 1/1
     0 | D:1      | 0 ||| qw: Version: 0.3-a-74-g56b0e0c
     0 | D:1      | 0 ||| qw: Game counter: 18
     0 | D:1      | 0 ||| qw: Melee chars always use a shield: true
     0 | D:1      | 0 ||| qw: God list: Okawaru
     0 | D:1      | 0 ||| qw: Allow faded altars: false
     0 | D:1      | 0 ||| qw: Do Orc after clearing Dungeon:15 true
     0 | D:1      | 0 ||| qw: Do second Lair branch before Depths: true
     0 | D:1      | 0 ||| qw: Lair rune preference: random
     0 | D:1      | 0 ||| qw: Goals: Normal
     0 | D:1      | 0 ||| PLANNING D:1-11
   105 | D:1      | Reached XP level 2. HP: 15/17 MP: 2/2
   386 | D:1      | Reached XP level 3. HP: 21/21 MP: 3/3
   465 | D:1      | 465 ||| UPGRADING to +0 ring mail.
   475 | D:1      | 475 ||| DROPPING +0 leather armour.
   476 | D:1      | 476 ||| UPGRADING to ring of protection from cold.
   477 | D:1      | 477 ||| READING scroll labelled XENUVV TELUU.
   478 | D:1      | 478 ||| READING 2 scrolls labelled LIMNUTIPRI.
   479 | D:1      | 479 ||| DROPPING scroll of butterflies.
   568 | D:2      | Reached skill level 1 in Armour
   674 | D:2      | Reached skill level 5 in Ranged Weapons
  1083 | D:2      | 1083 ||| UPGRADING to +0 helmet.
  1088 | D:2      | 1088 ||| READING scroll labelled MASIST MYOKLO.
  1186 | D:3      | Found a faded altar of an unknown god.
  1211 | D:3      | Reached XP level 4. HP: 27/27 MP: 4/4
  1223 | D:3      | Reached skill level 3 in Fighting
  1855 | D:3      | 1855 ||| UPGRADING to scarf of resistance.
  1860 | D:3      | 1860 ||| READING scroll labelled PABOIC HUCWICK.
  1861 | D:3      | 1861 ||| READING scroll labelled REINOIL SIA.
  1874 | D:4      | 1874 ||| STAIRDANCE
  1963 | D:4      | Found an ancient bone altar of Kikubaaqudgha.
  1973 | D:4      | Found a shadowy altar of Dithmenos.
  2002 | D:4      | Noticed a water moccasin
  2014 | D:4      | Killed a water moccasin
  2015 | D:4      | Reached skill level 6 in Ranged Weapons
  2015 | D:4      | Reached XP level 5. HP: 19/32 MP: 5/5
  2146 | D:4      | Noticed Grinder
  2151 | D:4      | Noticed a black bear
  2152 | D:4      | 2152 ||| RETREATING.
  2155 | D:4      | Paralysed by Grinder for 2 turns
  2167 | D:4      | 2167 ||| Stepping ~*~*~tactically~*~*~ (retreating).
  2169 | D:4      | 2169 ||| Stepping ~*~*~tactically~*~*~ (retreating).
  2170 | D:4      | 2170 ||| Stepping ~*~*~tactically~*~*~ (retreating).
  2171 | D:4      | HP: 6/32 [black bear (6)]
  2172 | D:4      | 2172 ||| Stepping ~*~*~tactically~*~*~ (retreating).
  2172 | D:4      | Paralysed by Grinder for 4 turns
  2177 | D:4      | 2177 ||| Stepping ~*~*~tactically~*~*~ (retreating).
  2177 | D:4      | HP: 1/32 [black bear (3)]
  2177 | D:4      | Slain by a black bear

Levels and vault maps discovered:
D:1:      minmay_arrival_jagged, layout_rooms, minivault_19,
          wad_floor_pattern_untrapped, palyth_stone_intersect
D:2:      layout_basic
D:3:      layout_basic, ebering_ecumenical_altar_webs, minivault_19
D:4:      layout_basic, amethyst_overflow_temple_binary,
          minmay_temple_entry_enclosed_plants, corexii_checkpoint_b,
          uniq_grinder

Skill      XL: |  1  2  3  4 |
---------------+-------------+-----
Armour         | 1 |  1.1
Ranged Weapons | 5 6 |  6.3
Fighting       | 3 |  3.1
Dodging        | |  1.5
Stealth        | |  1.1

Action                     |  1- 3 |  4- 6 || total
---------------------------+-------+-------++-------
   Fire: Shortbow          |   112 |   103 ||   215
    Use: Scroll            |     3 |     2 ||     5
 Armour: Leather armour    |     5 |       ||     5
         Ring mail         |    21 |    31 ||    52
  Dodge: Dodged            |    27 |    31 ||    58

Table legend:
 A = Non-vault XP
 B = Vault XP
 C = Vault XP percentage of total XP
 D = Non-vault monster count
 E = Vault monster count
 F = Vault count percentage of total count
                 A         B        C        D         E       F
            +---------+---------+-------+---------+---------+-------
      Total |     287 |       0 |   0.0 |      63 |       0 |   0.0
            +---------+---------+-------+---------+---------+-------
        D:1 |      34 |       0 |   0.0 |      18 |       0 |   0.0
        D:2 |      44 |       0 |   0.0 |      14 |       0 |   0.0
        D:3 |      35 |       0 |   0.0 |      23 |       0 |   0.0
        D:4 |     174 |       0 |   0.0 |       8 |       0 |   0.0
            +---------+---------+-------+---------+---------+-------
